 Dungeon Crawl Stone Soup version 0.14-a0-1773-ge500af7 (webtiles) character file.

441 Jenx the Conjurer (level 6, 0/32 HPs)
             Began as a Deep Elf Conjurer on Jan 7, 2014.
             Slain by a sky beast (5 damage)
             ... on Level 4 of the Dungeon.
             The game lasted 00:14:55 (4683 turns).

Jenx the Conjurer (Deep Elf Conjurer)               Turns: 4683, Time: 00:14:56

HP   0/32        AC  3     Str  5      XL: 6   Next: 32%
MP  11/18        EV 16     Int 22      God:
Gold 96          SH  0     Dex 15      Spells:  3 memorised,  3 levels left

rFire  x . .     SeeInvis .     u - +0 dagger (speed)
rCold  + . .     Clarity  .     n - +0 robe
rNeg   . . .     Conserve .     (no shield)
rPois  .         rCorr    .     d - +0 orc helmet
rElec  .         rRot     .     (no cloak)
SustAb . .       Spirit   .     (no gloves)
rMut   .         Warding  .     (no boots)
Saprov . . .     Stasis   .     (no amulet)
                                y - ring of ice
                                g - +3 ring of evasion

@: slightly resistant to hostile enchantments, fairly stealthy
A: no striking features
a: no special abilities


You were on level 4 of the Dungeon.
You were not hungry.

You visited 1 branch of the dungeon, and saw 5 of its levels.

You collected 96 gold pieces.

Inventory:

Hand weapons
 u - a +0,+0 dagger of speed (weapon)
Missiles
 w - 5 needles of confusion
Armour
 d - a +0 orcish helmet (worn)
 n - a +0 robe (worn)
Magical devices
 r - a wand of slowing (8) {unknown}
Comestibles
 b - 2 bread rations
 j - 2 meat rations
 p - an apple
 z - a chunk of worm flesh
Scrolls
 f - a scroll of fog {unknown}
 l - a scroll of amnesia {unknown}
 t - a scroll of remove curse
 v - a scroll of enchant weapon II {unknown}
 A - a scroll of immolation {unknown}
Jewellery
 g - a +3 ring of evasion (left hand)
 q - an uncursed ring of protection from magic
 y - a ring of ice (right hand)
Potions
 e - 2 potions of curing {unknown}
 h - 4 potions of heal wounds {unknown}
 i - 2 potions of brilliance {unknown}
 k - a potion of poison {unknown}
 m - a potion of might
 o - 2 potions of restore abilities {unknown}
 s - a potion of mutation {unknown}
 x - a potion of agility {unknown}
Books
 c - a book of Conjurations

   Spells                             Type                      Level
   *Magic Dart                        Conjuration                  1
   Searing Ray                        Conjuration                  2
   *Dazzling Spray                    Conjuration/Hexes            3
   *Iskenderun's Mystic Blast         Conjuration                  4
   Iskenderun's Battlesphere          Conjuration/Charms           4
   Fulminant Prism                    Conjuration/Hexes            5


   Skills:
 - Level 2.4 Dodging
 - Level 2.4 Stealth
 - Level 3.0 Spellcasting
 * Level 8.4 Conjurations


You had 3 spell levels left.
You knew the following spells:

 Your Spells              Type           Power        Failure   Level  Hunger
a - Magic Dart            Conj           ####         1%          1    None
b - Dazzling Spray        Conj/Hex       ###.....     10%         3    ###....
c - Iskenderun's Mystic   Conj           #####...     4%          4    ####...


Dungeon Overview and Level Annotations

Branches:
Dungeon (5/16)
 Temple: D:4-7

Altars:
Elyvilon


Message History

Casting: Magic Dart
Confirm with . or Enter, or press ? or * to list all spells.
Aiming: Magic Dart
Press: ? - help, Shift-Dir - straight line, f - sky beast
Aim: a sky beast (moderately wounded)
The magic dart hits the sky beast.
The sky beast is heavily wounded.
The sky beast hits you. The sky beast shocks you.
* * * LOW HITPOINT WARNING * * *
Casting: Magic Dart
Confirm with . or Enter, or press ? or * to list all spells.
Aiming: Magic Dart
Press: ? - help, Shift-Dir - straight line, f/p - sky beast
Aim: a sky beast (heavily wounded)
The magic dart hits the sky beast.
The sky beast is severely wounded.
The sky beast hits you.
* * * LOW HITPOINT WARNING * * *
The sky beast shocks you.
You die...

##...# #......#..##..###.#.##.#
##[..####......#..##..# #.#.##.#
##...#............##..# #.#.##.#
............##.#..##..# #.#.##.#
##...#..######.#..##..# #.#.##.#
.....#..##.....#..##..# #.#.##.#
##...#..##.....#..##..###.#.##.##
.....#..##.....#.................
................@...........##.##
........[......I.............)...
##......##............#.###.##..#
................................#
##......##......................#
........######....##..#.###......
........# #...................
##......######....##..#.###.##..#
..........................#.##..#


You could see a sky beast.

Vanquished Creatures
  2 worker ants (D:4)
  A gnoll shaman (D:3)
  3 gnolls (D:3)
  13 adders
  A giant mite (D:1)
  2 worms
  2 giant geckos
  2 oozes
  3 orcs
  5 ball pythons (D:3)
  13 bats
  9 goblins
  6 hobgoblins
  6 jackals
  9 kobolds
  2 quokkas (D:2)
  7 giant cockroaches
  6 giant newts
  A kobold skeleton (D:4)
  11 rats
  4 toadstools (D:1)
108 creatures vanquished.

Vanquished Creatures (others)
  3 toadstools (D:1)
3 creatures vanquished.

Grand Total: 111 creatures vanquished

Notes
Turn   | Place    | Note
--------------------------------------------------------------
     0 | D:1      | Jenx, the Deep Elf Conjurer, began the quest for the Orb.
     0 | D:1      | Reached XP level 1. HP: 10/10 MP: 5/5
   285 | D:1      | Reached XP level 2. HP: 13/15 MP: 0/8
   352 | D:1      | Reached skill level 5 in Conjurations
   599 | D:1      | Reached XP level 3. HP: 19/19 MP: 8/10
  1060 | D:2      | Learned a level 3 spell: Dazzling Spray
  1124 | D:2      | Reached skill level 6 in Conjurations
  1287 | D:2      | Reached XP level 4. HP: 24/24 MP: 5/13
  2214 | D:3      | Reached skill level 7 in Conjurations
  2214 | D:3      | Reached XP level 5. HP: 28/28 MP: 1/16
  2534 | D:3      | Learned a level 4 spell: Iskenderun's Mystic Blast
  3556 | D:4      | Found a white marble altar of Elyvilon.
  3556 | D:4      | Noticed an angel
  3573 | D:4      | Reached skill level 8 in Conjurations
  3682 | D:4      | Reached XP level 6. HP: 32/32 MP: 11/18
  4504 | D:5      | Entered Level 5 of the Dungeon
  4683 | D:4      | Slain by a sky beast

Action                   |  1- 3 |  4- 6 || total
-------------------------+-------+-------++-------
Melee: Unarmed           |    16 |       ||    16
       Dagger            |     1 |    11 ||    12
       Spear             |    14 |    18 ||    32
 Cast: Magic Dart        |    77 |   138 ||   215
       Dazzling Spray    |       |    14 ||    14
  Use: Scroll            |       |     9 ||     9
 Stab: Sleeping          |       |     1 ||     1
